[Event "January 9 Late 2024"]
[Site "https://www.chess.com"]
[Date "2024.01.09"]
[Round "1"]
[White "Skaric, Djuro"]
[Black "Perske, Thore"]
[Result "1/2-1/2"]
[Board "171"]
[TimeControl "180+1"]
[WhiteFideId "934569"]
[BlackFideId "12902195"]
[WhiteElo "2303"]
[BlackElo "2646"]
[WhiteTeam "SRB"]
[BlackTeam "GER"]
[WhiteClock "0:00:09"]
[BlackClock "0:00:01"]

1. g3 Nf6 2. Bg2 g6 3. d3 Bg7 4. Nc3 O-O 5. e4 d6 6. h3 c5 7. Nge2 Nc6 8. O-O Rb8 9. f4 Bd7 10. g4 b5 11. Ng3 b4 12. Nce2 a5 13. g5 Ne8 14. Rb1 a4 15. Be3 Nc7 16. Kh2 Nb5 17. e5 dxe5 18. f5 Nbd4 19. Nxd4 cxd4 20. Bd2 a3 21. bxa3 bxa3 22. Qg4 Rb2 23. Rxb2 axb2 24. Rb1 Qb6 25. Qe4 Rb8 26. h4 Qc5 27. Qe1 Qxc2 28. Be4 Qa4 29. h5 Qxa2 30. fxg6 hxg6 31. hxg6 fxg6 32. Qh1 e6 33. Bxg6 Ne7 34. Be4 Nf5 35. Nxf5 exf5 36. Bd5+ Be6 37. Bxa2 Bxa2 38. Kg3 Bxb1 39. Qxb1 Kh7 40. Bc1 bxc1=Q 41. Qxc1 Rb3 42. Qd1 Rc3 43. Kh4 Kg8 44. Qf3 e4 45. Qxf5 exd3 46. Qe6+ Kh7 47. Kh5 Bf8 48. Qg6+ Kh8 49. Qf7 Rc8 50. g6 Bg7 51. Qf3 Rf8 52. Qd1 Rf5+ 53. Kg4 Re5 54. Qxd3 Bf6 55. Qf3 Kg7 56. Qc6 Rg5+ 57. Kf4 Kxg6 58. Qd7 Re5 59. Qd6 Rf5+ 60. Kg4 Re5 61. Kf4 Re7 62. Qd5 Rh7 63. Qf5+ Kg7 64. Qd7+ Kg6 65. Qf5+ Kg7 66. Qg4+ Kf7 67. Qd7+ Kg6 68. Qe8+ Rf7 69. Qe4+ Kg7 70. Kg4 Re7 71. Qd5 Re5 72. Qd7+ Re7 73. Qd5 Kg6 74. Qd6 Kf7 75. Qd5+ Kg7 76. Qd6 Re3 77. Kf5 Re5+ 78. Kf4 Re7 79. Qd5 Re5 80. Qd7+ Re7 81. Qg4+ Kf7 82. Qh5+ Ke6 83. Qf5+ Kf7 84. Qd5+ Kg6 85. Kf3 Re5 86. Qd6 Rf5+ 87. Kg4 Rg5+ 88. Kf4 Rf5+ 89. Ke4 Re5+ 90. Kf4 1/2-1/2

[Event "January 9 Late 2024"]
[Site "https://www.chess.com"]
[Date "2024.01.09"]
[Round "1"]
[White "Principe, Gerson"]
[Black "Diaz, Fernando"]
[Result "1-0"]
[Board "172"]
[TimeControl "180+1"]
[WhiteFideId "3804550"]
[BlackFideId "3701255"]
[WhiteElo "2644"]
[BlackElo "2303"]
[WhiteTeam "PER"]
[BlackTeam "PAR"]
[WhiteClock "0:00:30"]
[BlackClock "0:00:00"]

1. d4 e5 2. e3 exd4 3. Qxd4 d5 4. Nf3 c5 5. Qd1 Nc6 6. Be2 Nf6 7. O-O Be6 8. b3 Bd6 9. Bb2 O-O 10. Nbd2 Qc7 11. c4 Be7 12. cxd5 Nxd5 13. Rc1 b6 14. a3 Bf6 15. Qc2 Bxb2 16. Qxb2 Rad8 17. b4 cxb4 18. axb4 Qb7 19. b5 Na5 20. Nd4 Rc8 21. Bf3 Qe7 22. Nxe6 Qxe6 23. h3 h6 24. Rfd1 Rxc1 25. Rxc1 Rd8 26. Ne4 f5 27. Ng3 Nb7 28. Qa2 Na5 29. Rd1 f4 30. Bxd5 Rxd5 31. Rxd5 fxg3 32. Rd8+ Kf7 33. Rf8+ Ke7 34. Re8+ Kxe8 35. Qxe6+ 1-0

[Event "January 9 Late 2024"]
[Site "https://www.chess.com"]
[Date "2024.01.10"]
[Round "1"]
[White "Graham, Nathaniel"]
[Black "Goryachkina, Aleksandra"]
[Result "1-0"]
[Board "173"]
[TimeControl "180+1"]
[WhiteFideId "2007983"]
[BlackFideId "4147103"]
[WhiteElo "2302"]
[BlackElo "2642"]
[WhiteTeam "USA"]
[BlackTeam "FID"]
[WhiteClock "0:00:07"]
[BlackClock "0:00:00"]

1. e4 c6 2. d4 d5 3. Nd2 dxe4 4. Nxe4 Nf6 5. Nxf6+ exf6 6. c3 Bd6 7. Bd3 O-O 8. Qh5 g6 9. Qh4 c5 10. Ne2 Nc6 11. Be3 Re8 12. O-O cxd4 13. Nxd4 Ne5 14. Bb5 Bd7 15. Rad1 Qe7 16. Bxd7 Nxd7 17. Rfe1 a6 18. Bd2 Qf8 19. Bh6 Rxe1+ 20. Rxe1 Re8 21. Rd1 Qe7 22. g3 Ne5 23. Kg2 b5 24. Qe4 f5 25. Qd5 Bb8 26. Re1 Rd8 27. Nc6 1-0

[Event "January 9 Late 2024"]
[Site "https://www.chess.com"]
[Date "2024.01.09"]
[Round "1"]
[White "Sun, Rick"]
[Black "Ardila, Oscar Humberto"]
[Result "1-0"]
[Board "174"]
[TimeControl "180+1"]
[WhiteFideId "30909481"]
[BlackFideId "4404742"]
[WhiteElo "2642"]
[BlackElo "2299"]
[WhiteTeam "USA"]
[BlackTeam "COL"]
[WhiteClock "0:00:16"]
[BlackClock "0:00:00"]

1. d4 Nf6 2. Nc3 e6 3. e4 Bb4 4. e5 Nd5 5. Qg4 g6 6. a3 Be7 7. Bh6 d6 8. Nf3 Nxc3 9. bxc3 dxe5 10. Nxe5 Nd7 11. Bb5 c6 12. Bc4 Nxe5 13. dxe5 Qa5 14. O-O Qxe5 15. Rad1 Qh5 16. Qf4 Qf5 17. Qd2 f6 18. Rfe1 Kf7 19. Re3 Re8 20. Rde1 Bc5 21. Rf3 Qg4 22. Rf4 Qh5 23. g4 Qh3 24. Bf1 Qh4 25. g5 Qh5 26. Be2 Qh3 27. Bg4 Qh4 28. Bxe6+ Bxe6 29. Rxh4 1-0

[Event "January 9 Late 2024"]
[Site "https://www.chess.com"]
[Date "2024.01.09"]
[Round "1"]
[White "Sarkar, Justin"]
[Black "Skatchkov, Valery"]
[Result "0-1"]
[Board "175"]
[TimeControl "180+1"]
[WhiteFideId "2010011"]
[BlackFideId "24195812"]
[WhiteElo "2294"]
[BlackElo "2641"]
[WhiteTeam "USA"]
[BlackTeam "RUS"]
[WhiteClock "0:00:00"]
[BlackClock "0:01:17"]

1. d4 Nf6 2. c4 e6 3. Nf3 d5 4. Nc3 Ne4 5. e3 f5 6. Bd3 c6 7. O-O Bd6 8. Ne5 O-O 9. f3 Nxc3 10. bxc3 Nd7 11. Nxd7 Bxd7 12. cxd5 exd5 13. c4 dxc4 14. Bxc4+ Kh8 15. Qe1 Qf6 16. Bb2 Rae8 17. Qf2 Qh6 18. f4 Be6 19. Bd3 Bd5 20. a4 Qe6 21. Rfe1 Bb4 22. Re2 Rf6 23. Ba3 Bxa3 24. Rxa3 Rg6 25. g3 Qd6 26. Ra1 Rf6 27. a5 Qd7 28. Rb1 Qf7 29. Reb2 Re7 30. Bf1 Rfe6 31. Re1 Qf6 32. Bg2 Qxd4 33. exd4 Rxe1+ 34. Bf1 Bc4 0-1

[Event "January 9 Late 2024"]
[Site "https://www.chess.com"]
[Date "2024.01.09"]
[Round "1"]
[White "Sivakumar, Shaaketh"]
[Black "Slavin, Alexey"]
[Result "1-0"]
[Board "176"]
[TimeControl "180+1"]
[WhiteFideId "30940176"]
[BlackFideId "24104388"]
[WhiteElo "2641"]
[BlackElo "2294"]
[WhiteTeam "USA"]
[BlackTeam "RUS"]
[WhiteClock "0:01:34"]
[BlackClock "0:00:05"]

1. e4 Nc6 2. d4 d6 3. Nc3 Nf6 4. Be3 e5 5. d5 Ne7 6. h3 Ng6 7. g3 Be7 8. Bg2 O-O 9. Nge2 Bd7 10. O-O h6 11. f4 exf4 12. gxf4 Nh4 13. e5 Nxg2 14. Kxg2 dxe5 15. fxe5 Nh7 16. Ng3 Bg5 17. Bd4 c6 18. d6 b6 19. Nce4 Bh4 20. Bc3 c5 21. Qh5 Bc6 22. Kh2 b5 23. Rg1 b4 24. Nf5 Bg5 25. Nxg5 Nxg5 26. Ne7+ Kh8 27. Rxg5 bxc3 28. Rxg7 Kxg7 29. Rg1+ Kh7 30. Qf5+ Kh8 31. Qf6+ 1-0

[Event "January 9 Late 2024"]
[Site "https://www.chess.com"]
[Date "2024.01.09"]
[Round "1"]
[White "Kostiukov, Alexandr"]
[Black "Janaszak, Dawid"]
[Result "0-1"]
[Board "177"]
[TimeControl "180+1"]
[WhiteFideId "14108100"]
[BlackFideId "1119206"]
[WhiteElo "2291"]
[BlackElo "2637"]
[WhiteTeam "UKR"]
[BlackTeam "POL"]
[WhiteClock "0:00:00"]
[BlackClock "0:00:46"]

1. g3 c5 2. Bg2 Nc6 3. c4 g6 4. Nf3 Bg7 5. O-O Nf6 6. d4 cxd4 7. Nxd4 O-O 8. c5 Qa5 9. Nb3 Qa6 10. Nc3 b6 11. cxb6 axb6 12. e4 Bb7 13. h3 d6 14. Be3 Ne5 15. Kh2 Nc4 16. Bc1 Nd7 17. Re1 e6 18. Bf1 b5 19. a4 b4 20. Nb5 d5 21. exd5 exd5 22. Nc7 Qb6 23. Nxa8 Qxf2+ 24. Bg2 Bxa8 25. Re2 Qb6 26. a5 Qb5 27. Nd4 Qc5 28. Nb3 Qb5 29. Bf4 Nxb2 30. Qf1 Nc4 31. Rb1 Nxa5 32. Nxa5 Qxa5 33. Re7 Nf6 34. Bd6 b3 35. Rxb3 Qa2 36. Rb8 d4 37. Ra7 Qxa7 38. Rxf8+ Bxf8 39. Bxf8 Bxg2 40. Kxg2 Qb7+ 41. Kh2 Ne4 42. Bh6 Qb2+ 43. Qg2 Qxg2+ 44. Kxg2 f5 45. Bf4 Kf7 46. g4 Ke6 47. gxf5+ gxf5 48. Kf3 Kd5 49. Ke2 Kc4 50. h4 d3+ 51. Kd1 Nc3+ 52. Kd2 Ne4+ 53. Ke3 Kc3 54. Be5+ Kc2 0-1

[Event "January 9 Late 2024"]
[Site "https://www.chess.com"]
[Date "2024.01.09"]
[Round "1"]
[White "Gimenez Aguirre, Alejo Ismael"]
[Black "Da Matta, Eduardo Cesar"]
[Result "0-1"]
[Board "178"]
[TimeControl "180+1"]
[WhiteFideId "32041667"]
[BlackFideId "2193108"]
[WhiteElo "2634"]
[BlackElo "2290"]
[WhiteTeam "ARG"]
[BlackTeam "BRA"]
[WhiteClock "0:02:18"]
[BlackClock "0:02:40"]

1. e4 c5 2. Nf3 g6 3. d4 cxd4 4. Qxd4 Nf6 5. e5 Nc6 6. Qa4 Nd5 7. Qb3 e6 8. c4 Nc7 9. Nc3 Bg7 10. Bf4 O-O 11. O-O-O Ne8 12. h4 f6 0-1

[Event "January 9 Late 2024"]
[Site "https://www.chess.com"]
[Date "2024.01.09"]
[Round "1"]
[White "Lopez Del Alamo, Antonio"]
[Black "Bressac, Stephane"]
[Result "0-1"]
[Board "179"]
[TimeControl "180+1"]
[WhiteFideId "2227339"]
[BlackFideId "655945"]
[WhiteElo "2287"]
[BlackElo "2633"]
[WhiteTeam "ESP"]
[BlackTeam "FRA"]
[WhiteClock "0:00:08"]
[BlackClock "0:01:17"]

1. e4 d6 2. d4 Nf6 3. Nc3 e5 4. Nf3 Nbd7 5. Bc4 exd4 6. Qxd4 Be7 7. Be3 Nb6 8. Be2 O-O 9. h3 c6 10. O-O-O d5 11. exd5 Nfxd5 12. Nxd5 Nxd5 13. c4 Nb6 14. Qxd8 Bxd8 15. b3 Nd7 16. Rd2 Bb6 17. Bxb6 axb6 18. Kb2 Nc5 19. Rhd1 Re8 20. Rd8 Bf5 21. Rxa8 Rxa8 22. Nd4 Bd7 23. Bg4 Bxg4 24. hxg4 Rd8 25. Kc2 g6 26. f3 Ra8 27. Kb2 Rd8 28. Kc2 Kf8 29. Ne2 Ra8 30. Kb2 Re8 31. Ng3 Re5 32. Kc3 h5 33. gxh5 gxh5 34. Rh1 Rg5 35. Nxh5 Rxg2 36. Nf6 Ke7 37. Ne4 Nxe4+ 38. fxe4 Rxa2 39. Re1 Ra5 40. b4 Re5 41. Kd4 Ke6 42. Rh1 c5+ 43. bxc5 bxc5+ 44. Kd3 Rg5 45. Rh6+ f6 46. Rh7 Rg3+ 47. Ke2 Rb3 48. Rc7 Kd6 49. Rf7 Ke5 50. Re7+ Kd4 51. Re6 Kxc4 52. Rxf6 Kd4 53. Re6 Re3+ 54. Kd2 Rxe4 55. Rb6 Re7 56. Kc2 c4 57. Kd2 Kc5 58. Rb1 b5 59. Rh1 Rd7+ 60. Kc2 Rg7 61. Kc1 c3 62. Kb1 b4 63. Kc1 Kc4 64. Kb1 Ra7 65. Rg1 Kb3 66. Rf1 c2+ 0-1

[Event "January 9 Late 2024"]
[Site "https://www.chess.com"]
[Date "2024.01.10"]
[Round "1"]
[White "Domalchuk-Jonasson, Aleksandr"]
[Black "Kargosha, Bahman"]
[Result "0-1"]
[Board "180"]
[TimeControl "180+1"]
[WhiteFideId "14142805"]
[BlackFideId "12503452"]
[WhiteElo "2632"]
[BlackElo "2285"]
[WhiteTeam "ISL"]
[BlackTeam "AUS"]
[WhiteClock "0:00:12"]
[BlackClock "0:00:09"]

1. Nf3 Nc6 2. d4 d5 3. c4 Bg4 4. cxd5 Bxf3 5. dxc6 Bxc6 6. Nc3 Nf6 7. Bg5 Ne4 8. Nxe4 Bxe4 9. f3 Bc6 10. e4 h6 11. Bh4 g5 12. Bf2 Bg7 13. Bc4 e6 14. h4 Qe7 15. Qb3 O-O-O 16. O-O-O b6 17. a4 a5 18. Kb1 Qb4 19. Qc2 Bxa4 20. b3 Bc6 21. Be1 Qd6 22. Bc3 Bb7 23. g4 Kb8 24. Rd2 Qf4 25. Rd3 gxh4 26. Rxh4 e5 27. d5 h5 28. Bd2 Qf6 29. g5 Qe7 30. Bc1 f6 31. Qg2 fxg5 32. Bxg5 Bf6 33. Bxf6 Qxf6 34. Qh2 Qg5 35. Rd1 Rdg8 36. d6 cxd6 37. Bxg8 Rxg8 38. Rxh5 Qe3 39. Qc2 Qxf3 40. Rh2 Bxe4 41. Rf2 Bxc2+ 42. Rxc2 Qxb3+ 43. Kc1 Qa3+ 44. Kb1 Rg3 45. Rb2 Rb3 46. Rxb3 Qxb3+ 47. Kc1 d5 48. Rd2 d4 49. Rh2 Qc3+ 50. Kb1 Qe1+ 51. Kc2 Qc3+ 52. Kb1 d3 53. Rh8+ Kb7 54. Rh7+ Ka6 55. Rh1 d2 56. Rd1 Qb3+ 57. Ka1 Qxd1+ 58. Kb2 Qc1+ 59. Ka2 Qc2+ 60. Ka3 Qc3+ 61. Ka2 Qc4+ 62. Ka3 Qb4+ 63. Ka2 Qa4+ 64. Kb2 d1=N+ 65. Kc1 Ne3 66. Kd2 Qc2+ 67. Kxe3 a4 68. Kf3 a3 69. Ke3 a2 70. Kf3 a1=Q 71. Ke3 Qa3# 0-1

[Event "January 9 Late 2024"]
[Site "https://www.chess.com"]
[Date "2024.01.10"]
[Round "1"]
[White "Haack, Kevin"]
[Black "Sherman, Raem"]
[Result "0-1"]
[Board "181"]
[TimeControl "180+1"]
[WhiteFideId "16228715"]
[BlackFideId "2822288"]
[WhiteElo "2284"]
[BlackElo "2631"]
[WhiteTeam "GER"]
[BlackTeam "ISR"]
[WhiteClock "0:00:13"]
[BlackClock "0:01:59"]

1. Nf3 Nf6 2. b3 d5 3. Bb2 c5 4. e3 g6 5. c4 dxc4 6. bxc4 Bg7 7. d4 cxd4 8. exd4 O-O 9. Be2 Ne4 10. O-O Nc6 11. Re1 Qb6 12. Qc2 Bf5 13. Bd3 Nb4 14. c5 Nxc2 15. cxb6 Nxa1 16. Bxa1 Nd6 17. Bxf5 Nxf5 18. g4 Nd6 19. Rxe7 axb6 20. Nc3 b5 21. Rd7 Rfd8 22. Rxd8+ Rxd8 23. Ne5 Bxe5 24. dxe5 Nc4 25. Kg2 b4 26. Ne4 Rd1 27. Nf6+ Kf8 28. Nxh7+ Ke7 29. Nf6 Rxa1 30. Nd5+ Kf8 31. Nxb4 Nxe5 32. h3 Nc6 0-1

[Event "January 9 Late 2024"]
[Site "https://www.chess.com"]
[Date "2024.01.09"]
[Round "1"]
[White "Xhembulla, Aleksander"]
[Black "Dilmukhametov, Artur"]
[Result "1-0"]
[Board "182"]
[TimeControl "180+1"]
[WhiteFideId "4705114"]
[BlackFideId "24179922"]
[WhiteElo "2631"]
[BlackElo "2283"]
[WhiteTeam "ALB"]
[BlackTeam "RUS"]
[WhiteClock "0:02:03"]
[BlackClock "0:01:53"]

1. e4 e6 2. d4 d5 3. Nd2 Nf6 4. e5 Nfd7 5. Bd3 c5 6. c3 Nc6 7. Ne2 cxd4 8. cxd4 f6 9. exf6 Nxf6 10. Nf3 Bd6 11. O-O O-O 12. Bf4 Bxf4 13. Nxf4 Ne4 14. Ne2 Rxf3 15. gxf3 Ng5 16. f4 Nh3+ 17. Kg2 Qh4 18. f5 exf5 19. f4 Qg4+ 20. Kh1 Be6 21. Ng3 Qxd1 22. Raxd1 Nxd4 23. Kg2 g5 24. Kxh3 g4+ 25. Kg2 Rf8 26. Rfe1 Bd7 27. Bc4 dxc4 28. Rxd4 Bc6+ 29. Kf2 b5 30. Re5 1-0

[Event "January 9 Late 2024"]
[Site "https://www.chess.com"]
[Date "2024.01.09"]
[Round "1"]
[White "Coelho, Ramyres Santana"]
[Black "Kozin, Yuri"]
[Result "0-1"]
[Board "183"]
[TimeControl "180+1"]
[WhiteFideId "2120690"]
[BlackFideId "4129920"]
[WhiteElo "2274"]
[BlackElo "2627"]
[WhiteTeam "BRA"]
[BlackTeam "RUS"]
[WhiteClock "0:00:59"]
[BlackClock "0:02:14"]

1. e4 c5 2. Nf3 e6 3. d4 cxd4 4. c3 Nf6 5. e5 Nd5 6. cxd4 d6 7. Nc3 Nxc3 8. bxc3 Qc7 9. Bd2 Nd7 10. exd6 Bxd6 11. Bd3 b6 12. Qe2 Bb7 13. O-O O-O 14. h4 Bf4 15. Be4 Bxe4 16. Qxe4 Bxd2 17. Nxd2 Qxc3 18. Nf3 Nf6 19. Qf4 Rac8 20. g4 Qd3 21. g5 Nd5 22. Qg3 Rc3 23. Kg2 Qf5 24. Rac1 Nf4+ 25. Kh2 Rxc1 26. Rxc1 Ne2 0-1

[Event "January 9 Late 2024"]
[Site "https://www.chess.com"]
[Date "2024.01.09"]
[Round "1"]
[White "Kavyev, Ruslan"]
[Black "Kujawski, Adam"]
[Result "1-0"]
[Board "184"]
[TimeControl "180+1"]
[WhiteFideId "34110981"]
[BlackFideId "1100920"]
[WhiteElo "2625"]
[BlackElo "2273"]
[WhiteTeam "RUS"]
[BlackTeam "POL"]
[WhiteClock "0:01:49"]
[BlackClock "0:00:14"]

1. d4 Nf6 2. c4 e6 3. g3 c5 4. Nf3 cxd4 5. Nxd4 d5 6. Bg2 e5 7. Nf3 d4 8. O-O Nc6 9. e3 a5 10. exd4 exd4 11. Re1+ Be7 12. Bf4 O-O 13. Ne5 Nxe5 14. Bxe5 d3 15. Nc3 Bg4 16. Bf3 Bf5 17. Nd5 Nxd5 18. Bxd5 Bb4 19. Bc3 Bxc3 20. bxc3 Qc7 21. Qf3 Bg6 22. h4 h6 23. h5 Bh7 24. Re3 Rad8 25. Rae1 b5 26. Re7 d2 27. R1e3 Qxc4 28. Qxf7+ Rxf7 29. Re8+ Rxe8 30. Rxe8# 1-0

[Event "January 9 Late 2024"]
[Site "https://www.chess.com"]
[Date "2024.01.09"]
[Round "1"]
[White "Silvestre, Christian"]
[Black "Kraiouchkine, Nikita"]
[Result "1-0"]
[Board "185"]
[TimeControl "180+1"]
[WhiteFideId "30956269"]
[BlackFideId "2607140"]
[WhiteElo "2273"]
[BlackElo "2624"]
[WhiteTeam "USA"]
[BlackTeam "CAN"]
[WhiteClock "0:00:05"]
[BlackClock "0:00:00"]

1. e4 e5 2. d4 exd4 3. Nf3 Nc6 4. Nxd4 Nf6 5. Bb5 Bc5 6. Nb3 Bb6 7. Nc3 O-O 8. O-O Qe7 9. Nd5 Nxd5 10. exd5 Ne5 11. Re1 d6 12. Be3 Bxe3 13. Rxe3 Qf6 14. Qd4 Bf5 15. f4 Ng4 16. Qxf6 Nxf6 17. Nd4 Be4 18. c4 a6 19. Ba4 b5 20. cxb5 Bxd5 21. bxa6 Rxa6 22. Bb3 Bxb3 23. Rxb3 c5 24. Nf5 g6 25. Ne3 d5 26. Rd3 d4 27. Nc4 Nd5 28. g3 Nb4 29. Ra3 Re6 30. Ra5 Rc8 31. a3 Nd5 32. Ne5 f6 33. Nd3 Rec6 34. b4 c4 35. Rxd5 cxd3 36. Rxd4 Rc1+ 37. Rxc1 Rxc1+ 38. Kf2 Rc3 39. Ke3 Rxa3 40. Rxd3 Ra2 41. Rd2 Ra3+ 42. Kd4 Kf7 43. Kc5 Ke6 44. b5 Rc3+ 45. Kb6 Rb3 46. Kc6 Rc3+ 47. Kb7 Kf5 48. b6 Kg4 49. Kb8 Rb3 50. b7 Kh3 51. Kc7 Rc3+ 52. Kb8 Rb3 53. Rd7 h5 54. Rd2 g5 55. fxg5 fxg5 56. Rd5 Kg4 57. Kc7 Rc3+ 58. Kd7 Rb3 59. Kc6 h4 60. gxh4 gxh4 61. Rb5 Rc3+ 62. Kb6 Kh3 63. b8=Q Rf3 64. Qe5 Kg2 65. Qe4 Kf2 66. Rb2+ 1-0

[Event "January 9 Late 2024"]
[Site "https://www.chess.com"]
[Date "2024.01.09"]
[Round "1"]
[White "Mokshanov, Alexey"]
[Black "Sami, Sama"]
[Result "1-0"]
[Board "186"]
[TimeControl "180+1"]
[WhiteFideId "24121657"]
[BlackFideId "4802926"]
[WhiteElo "2623"]
[BlackElo "2269"]
[WhiteTeam "RUS"]
[BlackTeam "IRQ"]
[WhiteClock "0:00:15"]
[BlackClock "0:00:00"]

1. e4 e5 2. Nf3 Nc6 3. d4 exd4 4. Nxd4 Nf6 5. Nxc6 bxc6 6. e5 Qe7 7. Qe2 Nd5 8. c4 Ba6 9. b3 g6 10. g3 Bg7 11. Bb2 Qb4+ 12. Qd2 Qxd2+ 13. Nxd2 Ne7 14. O-O-O O-O 15. Ne4 Rad8 16. f4 Bb7 17. Nc5 Bc8 18. Bg2 d6 19. exd6 cxd6 20. Ne4 Bxb2+ 21. Kxb2 Nf5 22. Rd3 Kg7 23. Rhd1 d5 24. cxd5 Ba6 25. Rc3 cxd5 26. Nc5 d4 27. Rcc1 Be2 28. Rd2 Rfe8 29. Be4 d3 30. Bxd3 Bxd3 31. Rxd3 Rxd3 32. Nxd3 Nd4 33. Ne5 f6 34. Rc7+ Kg8 35. Ng4 Re2+ 36. Ka3 f5 37. Nf6+ Kf8 38. Rxh7 Nc2+ 39. Ka4 Re6 40. Nd5 a6 41. Ka5 Rd6 42. Nb4 Nd4 43. Ra7 Nf3 44. Rxa6 Rd2 45. h4 Kf7 46. Rc6 Nd4 47. Rc3 Ne6 48. a4 Rd4 49. Nc6 Nc7 50. Nxd4 1-0

[Event "January 9 Late 2024"]
[Site "https://www.chess.com"]
[Date "2024.01.09"]
[Round "1"]
[White "Romero Ruscalleda, Josep"]
[Black "Martin Fuentes, Alberto"]
[Result "0-1"]
[Board "187"]
[TimeControl "180+1"]
[WhiteFideId "2231859"]
[BlackFideId "2292289"]
[WhiteElo "2266"]
[BlackElo "2619"]
[WhiteTeam "ESP"]
[BlackTeam "ESP"]
[WhiteClock "0:00:00"]
[BlackClock "0:01:11"]

1. e4 e6 2. d4 d5 3. e5 c5 4. c3 Nc6 5. Be3 Qb6 6. Qd2 Bd7 7. dxc5 Bxc5 8. Bxc5 Qxc5 9. Nf3 Nge7 10. Bd3 Ng6 11. Bxg6 hxg6 12. O-O Qb6 13. Na3 Rd8 14. Nc2 Na5 15. Ncd4 Nc4 16. Qf4 Qc7 17. b3 Nb6 18. Rac1 a6 19. Rfe1 Rh5 20. Ng5 Bc6 21. g4 Rh4 22. Nxc6 bxc6 23. c4 Qe7 24. Nf3 Rh8 25. c5 Nd7 26. b4 Rb8 27. a3 Rh3 28. Nd4 Rc8 29. Kg2 Rxa3 30. Re3 Rxe3 31. fxe3 Kf8 32. Rf1 Kg8 33. h4 Rf8 34. g5 Rc8 35. Rf3 a5 36. bxa5 Nxc5 37. h5 Nd3 38. Qg4 Nxe5 39. Qf4 Nxf3 0-1

[Event "January 9 Late 2024"]
[Site "https://www.chess.com"]
[Date "2024.01.09"]
[Round "1"]
[White "Al-Tarboush, Ward"]
[Black "Kula, Robert"]
[Result "1-0"]
[Board "188"]
[TimeControl "180+1"]
[WhiteFideId "7601450"]
[BlackFideId "1101218"]
[WhiteElo "2615"]
[BlackElo "2265"]
[WhiteTeam "NOR"]
[BlackTeam "POL"]
[WhiteClock "0:01:52"]
[BlackClock "0:01:38"]

1. e4 c5 2. Nf3 Nc6 3. d4 cxd4 4. Nxd4 g6 5. c4 Bg7 6. Be3 Nf6 7. Nc3 O-O 8. Be2 d6 9. O-O Bd7 10. Qd2 a6 11. f3 Rc8 12. Rac1 Nxd4 13. Bxd4 Be6 14. b3 Nd7 15. Rfd1 Bxd4+ 16. Qxd4 Qb6 17. Qxb6 Nxb6 18. a4 a5 19. Nb5 Nd7 20. Rc3 Nc5 21. Rdc1 f6 22. Nd4 Bf7 23. h4 Kg7 24. g4 h6 25. Re3 b6 26. Nb5 Be6 27. f4 Bd7 28. e5 Bxb5 29. axb5 dxe5 30. fxe5 f5 31. gxf5 Rxf5 32. Bg4 e6 33. Bxf5 gxf5 34. Rd1 Kf7 35. Kh2 Rg8 36. Rg3 Rc8 37. h5 Rc7 38. Rd8 a4 39. Rdg8 Nd7 40. R3g7# 1-0

[Event "January 9 Late 2024"]
[Site "https://www.chess.com"]
[Date "2024.01.09"]
[Round "1"]
[White "Kaganskiy, Gleb"]
[Black "Koksal, Ege"]
[Result "0-1"]
[Board "189"]
[TimeControl "180+1"]
[WhiteFideId "4132025"]
[BlackFideId "6317626"]
[WhiteElo "2260"]
[BlackElo "2614"]
[WhiteTeam "ISR"]
[BlackTeam "TUR"]
[WhiteClock "0:00:00"]
[BlackClock "0:00:29"]

1. a3 e5 2. Nc3 d5 3. d4 e4 4. f3 Bd6 5. Nxd5 Bxh2 6. Rxh2 Qxd5 7. fxe4 Qxe4 8. Nf3 Nf6 9. e3 Bf5 10. Bd3 Qg4 11. Bxf5 Qxf5 12. Qd3 Qd5 13. c4 Qe6 14. Bd2 Nc6 15. O-O-O O-O-O 16. Ng5 Qe7 17. d5 Ne5 18. Qf5+ Kb8 19. Rh4 h6 20. Nf3 Ng6 21. Rd4 Rhe8 22. Qd3 Ne5 23. Nxe5 Qxe5 24. Kb1 Qg3 25. c5 Qxg2 26. c6 Rxd5 27. Bc3 Rxd4 28. Bxd4 Qe4 29. Bxf6 Qxd3+ 30. Rxd3 gxf6 31. Rd7 bxc6 32. Rxf7 Rh8 33. Rxf6 h5 34. Rf4 h4 35. Rf2 h3 36. Rh2 Kc8 37. Kc2 Kd7 38. Kd3 Ke6 39. Ke4 c5 40. Kf4 c4 41. Kg4 Ke5 42. Kf3 a5 43. a4 c5 44. Kf2 Ke4 45. Ke2 Rh5 0-1

[Event "January 9 Late 2024"]
[Site "https://www.chess.com"]
[Date "2024.01.09"]
[Round "1"]
[White "Korchynskyi, Mykola"]
[Black "Eggleston, Thomas A"]
[Result "1-0"]
[Board "190"]
[TimeControl "180+1"]
[WhiteFideId "34138005"]
[BlackFideId "412139"]
[WhiteElo "2614"]
[BlackElo "2258"]
[WhiteTeam "UKR"]
[BlackTeam "ENG"]
[WhiteClock "0:01:07"]
[BlackClock "0:00:42"]

1. d4 e6 2. c4 f5 3. Nc3 Nf6 4. Bg5 Bb4 5. e3 O-O 6. Nf3 Kh8 7. Qb3 c5 8. Be2 d6 9. O-O Bxc3 10. bxc3 Qe8 11. Rad1 b6 12. Bf4 Ne4 13. Nd2 Nxd2 14. Rxd2 e5 15. Bf3 e4 16. Be2 Rf6 17. Rfd1 Nc6 18. dxc5 dxc5 19. Qb5 Bb7 20. Rd7 Rb8 21. Bxb8 Qxb8 22. Rxb7 Qxb7 23. Rd8+ 1-0

[Event "January 9 Late 2024"]
[Site "https://www.chess.com"]
[Date "2024.01.09"]
[Round "1"]
[White "Kappeler, Kaspar"]
[Black "Poltorak, Sebastian"]
[Result "0-1"]
[Board "191"]
[TimeControl "180+1"]
[WhiteFideId "1309072"]
[BlackFideId "1199498"]
[WhiteElo "2257"]
[BlackElo "2613"]
[WhiteTeam "SUI"]
[BlackTeam "POL"]
[WhiteClock "0:00:34"]
[BlackClock "0:01:41"]

1. c4 Nf6 2. Nc3 d5 3. cxd5 Nxd5 4. Nf3 c5 5. g3 Nc6 6. Bg2 Nc7 7. O-O e5 8. d3 Be7 9. Nd2 Bd7 10. Nc4 f6 11. a3 O-O 12. b4 cxb4 13. axb4 b5 14. Na5 Nxa5 15. Bxa8 Qxa8 16. bxa5 b4 17. Ne4 Bh3 18. Qb3+ Kh8 19. Be3 f5 20. Rfc1 Nd5 21. Bg5 fxe4 22. Bxe7 Nxe7 23. dxe4 Qxe4 24. f3 Qxe2 25. Ra2 Qxf3 26. Qxf3 Rxf3 27. Rc7 Rf1# 0-1

[Event "January 9 Late 2024"]
[Site "https://www.chess.com"]
[Date "2024.01.09"]
[Round "1"]
[White "Bjelobrk, Igor"]
[Black "Boder, Jan"]
[Result "1-0"]
[Board "192"]
[TimeControl "180+1"]
[WhiteFideId "4300726"]
[BlackFideId "16243226"]
[WhiteElo "2611"]
[BlackElo "2252"]
[WhiteTeam "AUS"]
[BlackTeam "GER"]
[WhiteClock "0:01:24"]
[BlackClock "0:00:42"]

1. d4 Nf6 2. c4 e6 3. g3 c5 4. d5 exd5 5. cxd5 d6 6. Nc3 g6 7. Bg2 Bg7 8. Nf3 O-O 9. O-O Re8 10. Re1 Bf5 11. Nd2 a6 12. a4 Bc8 13. Nc4 Ng4 14. Ne4 Bd4 15. e3 Be5 16. f4 f5 17. fxe5 fxe4 18. e6 Nf6 19. a5 Ra7 20. b3 b5 21. axb6 Ra8 22. Bb2 Bb7 23. Bxf6 Qxf6 24. Nxd6 Re7 25. Nxb7 Rxb7 26. Bxe4 Qe5 27. Qf3 Re7 28. d6 Rxe6 29. Bxa8 Nd7 30. Bd5 Qxd6 31. b7 Kg7 32. Bxe6 Qxe6 33. Rad1 1-0

[Event "January 9 Late 2024"]
[Site "https://www.chess.com"]
[Date "2024.01.09"]
[Round "1"]
[White "Kornyukov, Alexey"]
[Black "Golubev, Mikhail"]
[Result "1-0"]
[Board "193"]
[TimeControl "180+1"]
[WhiteFideId "4150457"]
[BlackFideId "14100983"]
[WhiteElo "2250"]
[BlackElo "2611"]
[WhiteTeam "RUS"]
[BlackTeam "UKR"]
[WhiteClock "0:00:20"]
[BlackClock "0:00:00"]

1. d4 Nf6 2. c4 g6 3. f3 Bg7 4. e4 d6 5. Nc3 O-O 6. Bg5 a6 7. Qd2 Nbd7 8. Nh3 c6 9. Nf2 b5 10. Rc1 e5 11. dxe5 Nxe5 12. cxb5 axb5 13. b3 Re8 14. Be2 Qb6 15. Qxd6 Nfd7 16. Qd2 Bf8 17. Be3 Qa5 18. O-O b4 19. Na4 Ba6 20. Bxa6 Qxa6 21. f4 Rad8 22. fxe5 Nxe5 23. Qc2 Qb5 24. Rcd1 Ra8 25. h3 Bg7 26. Rd2 h5 27. Rfd1 h4 28. Rd6 Bf8 29. R6d2 Bg7 30. Nc5 Kh7 31. Nd7 1-0